AoeStats
← Bandolero

Arabian Desert

510154682Analyzed
1v1 RM · 23h ago on Sep 29, 2026· 45m 38s· 2 players
Game mode
Random Map
Map size
Tiny (2 player)
Population
200
Speed
Normal
Resources
Standard
Victory
Conquest
Starting age
Dark Age
Ending age
Imperial Age
RankedLock teamsTeams togetherTeam positionsShared explorationLock speedFull tech treeHidden civsTurbo modeCheats
Victory
Defeat
🇦🇷 Lithuanians · Argentina
1373
+17
🇳🇱 Vietnamese · Netherlands
1403
-17
Bandolero
6:26 Loom
9:13 Feudal Age
10:04 Double-Bit Axe
23:05 Castle Age
21:58 Scale Barding Armor
22:04 Gold Mining
23:12 Bloodlines
24:29 Chain Barding Armor
24:29 Forging
24:40 Bow Saw
27:12 Iron Casting
28:14 Husbandry
28:49 Chain Barding Armor
30:13 Sanctity
32:24 Devotion
33:21 Town Watch
35:16 Wheelbarrow
38:06 Stone Mining
41:21 Imperial Age
39:33 Stone Shaft Mining
43:04 Illumination
42:55 Block Printing
42:17 Cavalier
43:48 Conscription
44:45 Chemistry
44:34 Plate Barding Armor
zamazingo
6:30 Loom
9:14 Feudal Age
9:51 Double-Bit Axe
17:21 Wheelbarrow
17:01 Fletching
21:07 Castle Age
19:44 Horse Collar
20:49 Bloodlines
21:04 Scale Barding Armor
21:10 Forging
21:24 Horse Collar
26:18 Chain Barding Armor
26:33 Husbandry
25:54 Light Cavalry
27:15 Town Watch
28:33 Bodkin Arrow
29:53 Sanctity
36:57 Imperial Age
37:31 Elite Fire Lancer
42:30 Squires
43:36 Iron Casting
43:55 Scale Mail Armor
Connection lost

Rejoining the realm…

Still unreachable

The connection could not be restored.

Session expired

The server has moved on; the page needs a fresh start.